Cogmind - Beta 10.2 *** ADVENTURER MODE // 2021.09.24 @ 21:52:21 Player: moonlol Result: Self-destructed Performance ------------- Evolutions (2) 1000 Regions Visited (5) 1000 Robots Destroyed (14) 70 Value Destroyed (208) 208 Prototype IDs (23) 460 Alien Tech Used (0) 0 Bonus (321) 321 TOTAL SCORE: 3059 Bonus ------- Follower Combat Kills 21 Aligned with FarCom 300 Cogmind --------- Core Integrity 550/550 Matter 291/300 Energy 140/140 System Corruption 0% Temperature Cool (0) Movement Walking (120) Location -8/Materials Parts ------- > --- POWER (1) -------- Light Deuterium Engine > --- PROPULSION (4) --- Aluminum Leg Aluminum Leg Flight Unit Flight Unit > --- UTILITY (3) ------ Small Storage Unit Improved Sensor Array > --- WEAPON (3) ------- AWS/Thermal Flail > --- INVENTORY (6) ---- Improved Sensor Array Small Laser Datajack Peak State ------------ > --- POWER ------------ Light Deuterium Engine > --- PROPULSION ------- Aluminum Leg Aluminum Leg Flight Unit Flight Unit > --- UTILITY ---------- Small Storage Unit Improved Sensor Array > --- WEAPON ----------- AWS/Thermal Flail > --- INVENTORY -------- Improved Sensor Array Small Laser Datajack [Rating: 28] Favorites ----------- Power Ion Engine Engine Ion Engine Propulsion Aluminum Leg Leg Aluminum Leg Wheel Compact Wheel Flight Unit Flight Unit Utility Small Storage Unit Device Improved Sensor Array Storage Small Storage Unit Weapon Assault Rifle Energy Gun EM Pulse Gun Ballistic Gun Assault Rifle Impact Weapon Flail Special Melee Weapon Datajack Build | -11 -10 -10 -10 -9 -8 ------- Run | Scr Mat Min Exi Min Mat Slots Evolved 4 | . . . . . 4 Power . | . . . . . . Propulsion 2 | . . . . . 2 Utility 1 | . . . . . 1 Weapon 1 | . . . . . 1 Parts Attached 26 | 6 11 . 1 4 4 Power 3 | 1 1 . . . 1 Engine 3 | 1 1 . . . 1 Core . | . . . . . . Reactor . | . . . . . . Propulsion 10 | 2 2 . . 4 2 Treads . | . . . . . . Leg 4 | . 2 . . 2 . Wheel 2 | 2 . . . . . Hover . | . . . . . . Flight 4 | . . . . 2 2 Utility 2 | 1 1 . . . . Device 1 | . 1 . . . . Storage 1 | 1 . . . . . Processor . | . . . . . . Hackware . | . . . . . . Protection . | . . . . . . Artifact . | . . . . . . Weapon 11 | 2 7 . 1 . 1 Energy Gun 4 | 2 1 . 1 . . Energy Cannon . | . . . . . . Ballistic Gun 4 | . 4 . . . . Ballistic Cannon . | . . . . . . Launcher . | . . . . . . Special Weapon . | . . . . . . Impact Weapon 2 | . 1 . . . 1 Slashing Weapon . | . . . . . . Piercing Weapon . | . . . . . . Special Melee Weapon 1 | . 1 . . . . Unidentified Prototypes . | . . . . . . Parts Lost 4 | . 4 . . . . Power 1 | . 1 . . . . Propulsion 2 | . 2 . . . . Utility . | . . . . . . Weapon 1 | . 1 . . . . Highest Loss Streak 4 | . 4 . . . . Average Slot Usage (%) 93 | . 97 100 93 83 81 Engine 13 | . 13 14 14 14 9 Leg 21 | . 15 28 28 26 18 Wheel 5 | . 11 . . . . Flight 1 | . . . . . 18 Device 13 | . 13 14 14 14 9 Storage 13 | . 14 14 14 14 9 Energy Gun 10 | . 13 . 6 14 9 Ballistic Gun 10 | . 9 28 15 . . Impact Weapon 2 | . 3 . . . 9 Naked Turns . | . . . . . . Heaviest Build 20 | 13 14 14 18 18 20 Greatest Support 32 | 32 32 20 20 20 20 Greatest Overweight (x) 5 | 1 1 . . 5 . Average Overweight (x) . | . . . . . . Largest Inventory Capacity 6 | 6 6 6 6 6 6 Average Capacity 5 | 5 6 6 6 6 6 Most Carried 6 | 5 6 6 6 6 5 Average Carried 5 | 2 5 5 6 5 3 Final Capacity 6 | 6 6 6 6 6 6 Final Carried 6 | 4 6 6 6 6 3 Class Distribution -------------------- 80% | Mutant 13% | Skirmisher 5% | Scavenger-Assassin Dominant Class ---------------- Mutant | -10/Materials Mutant | -10/Mines Mutant | -10/Exiles Skirmisher | -9/Mines Scavenger-Assassin | -8/Materials Resources | -11 -10 -10 -10 -9 -8 ----------- Run | Scr Mat Min Exi Min Mat Matter Collected 462 | 243 88 33 . 67 31 Remotely . | . . . . . . Salvage Created 340 | . 252 . . 57 31 Parts 37 | . 25 . . 8 4 Haulers Intercepted 1 | . 1 . . . . Recyclers Shooed . | . . . . . . Parts Field Recycled . | . . . . . . Retrieved Matter . | . . . . . . Parts Self-Destructed . | . . . . . . Prevented . | . . . . . . Kills | -11 -10 -10 -10 -9 -8 ------- Run | Scr Mat Min Exi Min Mat Combat Hostiles Destroyed 12 | . 8 . . 4 . Guns 12 | . 8 . . 4 . Classes Destroyed 4 | . 3 . . . 1 Hauler 1 | . 1 . . . . Watcher 1 | . . . . . 1 Swarmer 10 | . 6 . . 4 . Grunt 2 | . 2 . . . . Best Kill Streak 4 | . 3 . . 4 1 Combat Bots Only 4 | . 3 . . 4 . Max Kills in Single Turn 2 | . 2 . . 1 1 Gunslinging 1 | . 1 . . . . Exploded . | . . . . . . Melee . | . . . . . . Uniques/NPCs Destroyed . | . . . . . . Combat | -11 -10 -10 -10 -9 -8 -------- Run | Scr Mat Min Exi Min Mat Damage Taken 487 | . 394 9 . 84 . Core 117 | . 85 4 . 28 . Absorbed by Shields . | . . . . . . Core Remaining (%) 76 | 100 . . . 53 . Volleys Fired 32 | . 32 . . . . Largest 2 | . 2 . . . . Hottest 80 | . 80 . . . . Shots Fired 69 | . 56 . . 10 3 Gun 69 | . 56 . . 10 3 Cannon . | . . . . . . Launcher . | . . . . . . Special . | . . . . . . Kinetic 23 | . 23 . . . . Thermal 19 | . 6 . . 10 3 Explosive . | . . . . . . Electromagnetic 27 | . 27 . . . . Robot Hit Streak 12 | . 12 . . 6 1 Robot Miss Streak 3 | . 3 . . 2 2 Penetration Max . | . . . . . . Secondary Targets 2 | . 2 . . . . Max Gunslinging Chain 1 | . 1 . . . . Autonomous 13 | . . . . 10 3 Shots Hit Robots 52 | . 43 . . 8 1 Core Hits 19 | . 14 . . 4 1 Critical Hits . | . . . . . . Critical Kills . | . . . . . . Critical Parts Destroyed . | . . . . . . Melee Attacks 4 | . 4 . . . . Impact 4 | . 4 . . . . Slashing . | . . . . . . Piercing . | . . . . . . Sneak Attacks . | . . . . . . Combat Hostiles . | . . . . . . Follow-up Attacks . | . . . . . . Damage Inflicted 718 | . 456 . . 230 32 Guns 646 | . 384 . . 230 32 Cannons . | . . . . . . Explosions 72 | . 72 . . . . Melee . | . . . . . . Ramming . | . . . . . . Kinetic 123 | . 123 . . . . Thermal 390 | . 128 . . 230 32 Explosive . | . . . . . . Electromagnetic 205 | . 205 . . . . Impact . | . . . . . . Slashing . | . . . . . . Piercing . | . . . . . . Highest Corruption . | . . . . . . Average Corruption . | . . . . . . Corruption Purged . | . . . . . . Overload Shots . | . . . . . . Overflow Damage 4 | . 4 . . . . Projectiles . | . . . . . . Explosions 4 | . 4 . . . . Melee . | . . . . . . Knockbacks . | . . . . . . Impact . | . . . . . . Kinetic . | . . . . . . Secondary . | . . . . . . Self-Inflicted Damage 32 | . 32 . . . . Shots 1 | . 1 . . . . Rammed . | . . . . . . Targets Rammed . | . . . . . . Kicked . | . . . . . . Crushed . | . . . . . . Highest Temperature 110 | . 110 . . . . Average Temperature 46 | . 46 . . . . Received Heat Transfer 168 | . 168 . . . . Siege Activations . | . . . . . . Robots Corrupted . | . . . . . . Combat Hostiles . | . . . . . . Parts Fried . | . . . . . . Impact Corruptions . | . . . . . . Robots Melted . | . . . . . . Combat Hostiles . | . . . . . . Parts Melted . | . . . . . . Heat Transferred 608 | . 275 . . 296 37 Parts Sabotaged . | . . . . . . Parts Stolen . | . . . . . . Parts Stripped . | . . . . . . Power Chain Reactions 1 | . 1 . . . . Missiles Intercepted . | . . . . . . Alert | -11 -10 -10 -10 -9 -8 ------- Run | Scr Mat Min Exi Min Mat Peak Influence 180 | . 180 83 . 70 46 Initial 22 | . . 9 . . 22 Average 38 | . 51 23 . 20 41 Maximum Alert Level . | . . . . . . Low Security (%) 100 | 100 100 100 . 100 100 Level 1 . | . . . . . . Level 2 . | . . . . . . Level 3 . | . . . . . . Level 4 . | . . . . . . Level 5 . | . . . . . . High Security . | . . . . . . Max Security . | . . . . . . Squads Dispatched . | . . . . . . Investigation . | . . . . . . Extermination . | . . . . . . Reinforcement . | . . . . . . Assault . | . . . . . . Garrison . | . . . . . . Intercept . | . . . . . . Construction Impeded . | . . . . . . Haulers Reinforced . | . . . . . . Stealth | -11 -10 -10 -10 -9 -8 --------- Run | Scr Mat Min Exi Min Mat Distress Signals . | . . . . . . Communications Jammed . | . . . . . . Distress Signals . | . . . . . . Times Spotted 23 | . 15 3 . 4 1 Peak Tracking Total 4 | . 3 3 . 4 . Tactical Retreats . | . . . . . . Traps | -11 -10 -10 -10 -9 -8 ------- Run | Scr Mat Min Exi Min Mat Traps Triggered . | . . . . . . Indirectly . | . . . . . . Trap Hack Attempts . | . . . . . . Triggered . | . . . . . . Disarmed . | . . . . . . Reprogrammed . | . . . . . . Reused . | . . . . . . Traps Extracted . | . . . . . . Installed . | . . . . . . Triggered . | . . . . . . Machines | -11 -10 -10 -10 -9 -8 ---------- Run | Scr Mat Min Exi Min Mat Machines Disabled . | . . . . . . Max in Single Turn . | . . . . . . Machines Sabotaged . | . . . . . . Garrisons Compromised . | . . . . . . Overloaded Fab Kills . | . . . . . . Fab Network Shutdowns . | . . . . . . Hacking | -11 -10 -10 -10 -9 -8 --------- Run | Scr Mat Min Exi Min Mat Machines Accessed 9 | . 7 . 1 . 1 Terminals 5 | . 4 . . . 1 Fabricators . | . . . . . . Repair Stations 1 | . 1 . . . . Recycling Units 2 | . 2 . . . . Scanalyzers . | . . . . . . Garrison Access . | . . . . . . Total Hacks 23 | . 20 . 1 . 2 Successful 17 | . 14 . 1 . 2 Failed 6 | . 6 . . . . Catastrophic 1 | . 1 . . . . Database Lockouts . | . . . . . . Manual 18 | . 15 . 1 . 2 Terminals 13 | . 11 . . . 2 Fabricators . | . . . . . . Repair Stations 3 | . 3 . . . . Recycling Units 6 | . 6 . . . . Scanalyzers . | . . . . . . Garrison Access . | . . . . . . Terminal Hacks 1 | . . . 1 . . EX-Prototype ID Bank 1 | . . . 1 . . Fabricator Hacks . | . . . . . . Repair Station Hacks 2 | . 2 . . . . Scan Component 1 | . 1 . . . . Repair 1 | . 1 . . . . Recycling Unit Hacks 3 | . 3 . . . . Report Inventory 2 | . 2 . . . . Retrieve Components 1 | . 1 . . . . Scanalyzer . | . . . . . . Garrison Access Hacks . | . . . . . . Unauthorized Hacks 11 | . 9 . . . 2 Terminals 7 | . 5 . . . 2 Track 4 | . 3 . . . 1 Botnet 3 | . 2 . . . 1 Fabricators . | . . . . . . Repair Stations 1 | . 1 . . . . Mechanics 1 | . 1 . . . . Recycling Units 3 | . 3 . . . . Monitor 1 | . 1 . . . . Reject 1 | . 1 . . . . Recyclers 1 | . 1 . . . . Scanalyzers . | . . . . . . Garrison Access . | . . . . . . Data Cores Recovered . | . . . . . . Used . | . . . . . . Hacking Detections 7 | . 6 . . . 1 Full Trace Events 1 | . 1 . . . . Feedback Events . | . . . . . . Feedback Blocked . | . . . . . . Robot Schematics Acquired . | . . . . . . Robots Built . | . . . . . . Matter . | . . . . . . Time . | . . . . . . Total Robot Build Rating . | . . . . . . Part Schematics Acquired . | . . . . . . Parts Built . | . . . . . . Matter . | . . . . . . Time . | . . . . . . Total Part Build Rating . | . . . . . . Parts Repaired 1 | . 1 . . . . Time 26 | . 26 . . . . Parts Recycled . | . . . . . . Recycled Matter . | . . . . . . Retrieved Matter . | . . . . . . Retrieved Components 3 | . 3 . . . . Parts Scanalyzed . | . . . . . . Part Schematics Acquired . | . . . . . . Parts Damaged . | . . . . . . Bothacking | -11 -10 -10 -10 -9 -8 ------------ Run | Scr Mat Min Exi Min Mat Used RIF Installer . | . . . . . . Robots Hacked . | . . . . . . Non-combat . | . . . . . . Combat . | . . . . . . Robot Hacks Applied . | . . . . . . Relay Couplers Released . | . . . . . . Robots Rewired . | . . . . . . Allies Hacked . | . . . . . . Hacks Repelled . | . . . . . . Allies | -11 -10 -10 -10 -9 -8 -------- Run | Scr Mat Min Exi Min Mat Total Allies 3 | . . 3 . . . Largest Group 3 | . . 3 1 1 . Highest-Rated Group 40 | . . 40 16 16 . Highest-Rated Ally 16 | . . 16 16 16 . Total Orders . | . . . . . . Ally Attacks 10 | . . 10 . . . Total Damage 77 | . . 77 . . . Kills 3 | . . 3 . . . Allies Corrupted . | . . . . . . Allies Melted . | . . . . . . Intel | -11 -10 -10 -10 -9 -8 ------- Run | Scr Mat Min Exi Min Mat Robot Analysis Total . | . . . . . . Derelict Logs Recovered 1 | . . 1 . . . Drone Launches . | . . . . . . Drone Recoveries . | . . . . . . Exploration | -11 -10 -10 -10 -9 -8 ------------- Run | Scr Mat Min Exi Min Mat Turns Passed 1589 | 62 739 197 269 217 105 Spaces Moved 1124 | 52 463 160 223 165 61 Core 12 | 9 2 . . 1 . Treads . | . . . . . . Legs 921 | . 313 160 223 164 61 Wheels 191 | 43 148 . . . . Hover . | . . . . . . Flight . | . . . . . . Fastest Speed 50 | 50 100 120 120 120 120 Average Speed 116 | 93 113 120 120 121 120 Slowest Speed 300 | 100 120 120 120 300 120 Overloaded Moves . | . . . . . . Propulsion Burnouts . | . . . . . . Robots Hopped . | . . . . . . Cave-ins Triggered . | . . . . . . Exploration Rate (%) 35 | 3 75 19 61 49 6 Regions Visited 5 Branch Regions 3 Pre-discovered Areas 1 | . . . . 1 . Known Exits Taken . | . . . . . . Unknown Exits Taken 5 | 1 1 1 1 1 . Scrap Searched . | . . . . . . Spaces Dug 2 | . 2 . . . . Terrain Destroyed 9 | . 5 . . 2 2 Melee 2 | . 2 . . . . Projectile 4 | . . . . 2 2 AOE 3 | . 3 . . . . Terrain Rammed . | . . . . . . Walls Destroyed . | . . . . . . Machines Disabled . | . . . . . . Actions | -11 -10 -10 -10 -9 -8 --------- Run | Scr Mat Min Exi Min Mat Total 1344 | 62 616 166 225 183 92 Wait 136 | . 96 3 . 11 26 Move 1119 | 51 462 159 222 164 61 Hop . | . . . . . . Pick Up 14 | 5 7 2 . . . Fast Attach 13 | 5 4 . 1 2 1 Attach 8 | 1 2 . . 2 3 Detach 2 | . . . . 2 . Swap 5 | . 5 . . . . Drop 11 | . 4 2 2 2 1 Fire 32 | . 32 . . . . Melee 4 | . 4 . . . . Ram . | . . . . . . Kick . | . . . . . . Crush . | . . . . . . Escape Stasis . | . . . . . . Rewire . | . . . . . . Trap . | . . . . . . Miscellaneous . | . . . . . . Route ------- -11/Scrapyard -10/Materials (discovered 4 exits: [*Mat x2] / [*Min x2]) -10/Mines (discovered 2 exits: [*Mat] / *Exi) -10/Exiles -9/Mines -8/Materials (discovered 1 exit: Sto) History --------- Turn | Location | Event 25 | -11/Scrapyard | Discovered new exit (range 16) 63 | -11/Scrapyard | Entered Materials 231 | -10/Materials | Repaired Datajack 318 | -10/Materials | Build established: Mutant 403 | -10/Materials | Lost 4 parts (1p2n1w) 474 | -10/Materials | Discovered new exit (range 13) 634 | -10/Materials | Discovered new exit (range 12) 646 | -10/Materials | Discovered new exit (range 8) 791 | -10/Materials | Discovered new exit (range 9) 802 | -10/Materials | Entered Mines 820 | -10/Mines | Discovered new exit (range 6) 904 | -10/Mines | Assisted by bots powering up and referring to "LRC-V3" 931 | -10/Mines | Deemed a non-threat by the Exiles lab entrance 931 | -10/Mines | Discovered new exit (range 5) 999 | -10/Mines | Entered Exiles 999 | -10/Exiles | Accompanied by 1 ally 1028 | -10/Exiles | Met 8R-AWN 1050 | -10/Exiles | Met EX-HEX 1091 | -10/Exiles | Met EX-BIN 1104 | -10/Exiles | Aligned with FarCom system 1105 | -10/Exiles | Given EX-Vault access code 1139 | -10/Exiles | Opened EX-Vault 1149 | -10/Exiles | Found AWS/Thermal 1176 | -10/Exiles | Warned to stay clear of 0b10 Research branches 1210 | -10/Exiles | Met EX-DEC 1253 | -10/Exiles | Discovered new exit (range 14) 1268 | -10/Exiles | Left Exiles lab with AWS/Thermal 1268 | -10/Exiles | Entered Mines 1268 | -9/Mines | Accompanied by 1 ally 1269 | -9/Mines | Learned location of Storage (-8) 1464 | -9/Mines | Discovered new exit (range 15) 1485 | -9/Mines | Entered Materials 1485 | -8/Materials | Evolved 4 slots: Propulsion x2, Utility x1, Weapon x1 1486 | -8/Materials | Identified exit to Storage 1590 | -8/Materials | Self-destructed Last Messages --------------- Acquired 30 matter. Dropped Ion Engine. Acquired Lgt. Deuterium Engine. T-07 Excavator is excavating. Connecting with Terminal... Current location identified: Materials >>Trojan(Track) Trojan loaded successfully. Testing... Tracking enabled and active. >>Trojan(Botnet) Trojan loaded successfully. Testing... Terminal linked with 0 systems. Awaiting botnet instructions. R-06 Scavenger collects Imp. Hover Unit. R-06 Scavenger collects Visual Processing Unit. Acquired 1 matter. R-06 Scavenger collects Imp. Hover Unit. T-07 Excavator is excavating. Map ----- +----------------------------------------------------+ | ?????????????????????????????????????????????????? | | ?????????????????????????????????????????????????? | | ?????????????????????????????????????????????????? | | ?????????????????????????????????????????????????? | | ?????????????????????????????????????????????????? | | ?????????????????????????????????????????????????? | | ?????????????????????????????????????????????????? | | ?????????????????????????????????????????????????? | | ?????????????????????????????????????????????????? | | ?????????????????????????????????????????????????? | | ?????????????????????????????????????????????????? | | ?????????????????????????????Y???????????????????? | | ?????????????????????????????????????????????????? | | ?????????????????????????????????????????????????? | | ?????????????????????????????????????????????????? | | ?????????????????????????????????????????????????? | | ??????????????????????????????Y??????????????????? | | ?????????????????????????????????????????????????? | | ?????????????????????????????????????????????????? | | ??????????????????????????????????? ?????????????? | | ??????????????????????????????????#+##???????????? | | ?????????????????????????????????? #???????????? | | ????????????????w????????????????# #???????????? | | ????????????????????????????????? #???????????? | | ????????????????????????########## #???????????? | | ????????????????????????#@ # #???????????? | | ????????????????????????# # #???????????? | | ????????????????????????# # #???????????? | | ????????????????????????# """ # #???????????? | | ????????????????????????# """"" # ######??????? | | ????????????????????????# """"" # # u??????? | | ????????????????????????# """"" + u #t?????? | | ????????????????????????# """ # # #???????? | | ????????????????????????# # #???????????? | | ???????????????????????########### ##?#########? | | ????????????h??????????# # "#?# #? | | ???????????????????????# """ # ##?# #? | | ???????????????????????# """"" " #### #? | | ???????????????????????# """"" g + T## #####? | | ???????????????????????? """""g # ""## #????? | | ????????????????????????? """ l # #### #????? | | ???????????????????????? # #### #????? | | ???????????????????????# # #????? | | ???????????????????????########### #????? | | ?????????????????????????????????# #????? | | ?????????????????????????????????##+#########????? | | ?????????????????????????????????? ????????????? | | ?????????????????????????????????? ????????????? | | ????????????????????????????????? """ ???????????? | | ????????????????????????????????? """ ???????????? | +----------------------------------------------------+ Best States ------------- Heat Dissipation 31 Energy Generation 14 Energy Capacity 250 Matter Stores 300 Matter Capacity 300 Sight Range 16 Robot Scan Range 13 Terrain Scan Density 10 Resistance: KI 20 Resistance: TH 20 Resistance: EX 20 Resistance: EM 20 Resistance: I 20 Resistance: S 20 Resistance: P 20 Evasion (%) 40 Offensive Hacking 10 Item Schematics ----------------- None Robot Schematics ------------------ None Fabricated ------------ Nothing Alien Tech Used ----------------- None Achievements -------------- None Challenges ------------ None Game ------ Seed SlugMeleeSabre Manual? 0 Play Time 00:10:48 Cumulative 20.9 hours Start 2021.09.24 @ 21:42:12 End 2021.09.24 @ 21:52:21 Sessions 1 Manual Loads 0 Difficulty Adventurer Special Mode None Game No. 54 Rogue 44 Adventurer 10 Explorer 0 Win Type - Total 0 Types 0/0/0/0/0/0/0/0/0 Lore% 23 Gallery% 34 Achievement% 33 Wizard Run 0 Options --------- ASCII 0 Keyboard 0 Movement Numpad Keybinds 0 Fullscreen 1 Font 16/SmallcapsGlow Map View 50x54 Tactical HUD 0 Map Filters NONE Filters NONE Steam 1 RUN: c3710632-1036-4adc-b977-144e0b7d275c